 Dungeon Crawl Stone Soup version 0.23.0-3-gf3c87f2 (webtiles) character file.

Game seed: 12342707066972535485

20832 vishdafish the Thaumaturge (level 12, -6/94 HPs)
             Began as a Gnoll Skald on Feb 22, 2019.
             Was an Initiate of Gozag.
             Mangled by a polar bear (21 damage)
             ... on level 1 of the Lair of Beasts.
             The game lasted 00:32:31 (15467 turns).

vishdafish the Thaumaturge (Gnoll Skald)           Turns: 15467, Time: 00:32:32

Health: -6/94      AC: 18    Str: 13    XL:     12   Next: 83%
Magic:  34/34      EV: 10    Int: 21    God:    Gozag
Gold:   2849       SH:  6    Dex: 18    Spells: 24/29 levels left

rFire    . . .     SeeInvis .   A - +1 war axe (flame)
rCold    . . .     Gourm    .   l - +0 buckler
rNeg     . . .     Faith    .   H - +0 chain mail
rPois    +         Spirit   .   (no helmet)
rElec    .         Reflect  .   g - +0 cloak
rCorr    .         Harm     .   F - +2 pair of gloves "Wicofum" {MP+9 Dex+3}
MR       .....                  (no boots)
Stlth    +.........             (no amulet)
HPRegen  0.25/turn              e - +3 ring of protection
MPRegen  0.24/turn              w - ring of poison resistance

@: no status effects
A: distributed training, fangs 1, strong nose
a: Potion Petition, Call Merchant, Bribe Branch, Renounce Religion


You were on level 1 of the Lair of Beasts.
You worshipped Gozag.
Gozag was most pleased with you.
You were very hungry.

You visited 3 branches of the dungeon, and saw 14 of its levels.

You collected 3241 gold pieces.
You spent 324 gold pieces at shops.
You paid 68 gold pieces to Gozag.

Inventory:

Hand Weapons
 A - a +1 war axe of flaming (weapon)
 C - a +0 shortbow
Missiles
 D - 124 arrows
Armour
 g - a +0 cloak (worn)
 l - a +0 buckler (worn)
 F - the +2 pair of gloves "Wicofum" (worn) {MP+9 Dex+3}
   (You found it on level 7 of the Dungeon)

   It affects your dexterity (+3).
   It affects your magic capacity (+9).
 H - a +0 chain mail (worn)
Jewellery
 e - a +3 ring of protection (left hand)
 f - an uncursed ring of see invisible
 w - a ring of poison resistance (right hand)
 x - an uncursed ring of protection from magic
Wands
 o - a wand of iceblast (13)
 J - a wand of random effects (41)
 M - a wand of paralysis (3)
Scrolls
 a - 3 scrolls of amnesia
 h - a scroll of immolation {unknown}
 i - a scroll of fear
 k - 3 scrolls of remove curse
 n - 2 scrolls of blinking {unknown}
 t - 6 scrolls of fog
 u - 2 scrolls of magic mapping
 v - a scroll of silence {unknown}
 z - 4 scrolls of enchant weapon
 G - 2 scrolls of vulnerability {unknown}
 K - 2 scrolls of enchant armour {unknown}
Potions
 b - a potion of invisibility
 c - 2 potions of mutation
 j - a potion of might
 m - 3 potions of lignification
 p - 2 potions of cancellation
 q - 2 potions of heal wounds
 r - 3 potions of curing
 B - a potion of magic
 E - 2 potions of agility {unknown}
 I - a potion of brilliance {unknown}
 L - a potion of degeneration {unknown}
 N - a potion of flight {unknown}
Miscellaneous
 s - a phial of floods
Comestibles
 d - 5 rations


   Skills:
 + Level 8.9 Fighting
 + Level 7.5 Short Blades
 + Level 8.9 Long Blades
 + Level 7.5 Axes
 + Level 7.5 Maces & Flails
 + Level 7.5 Polearms
 + Level 7.5 Staves
 + Level 7.5 Slings
 + Level 7.5 Bows
 + Level 7.5 Crossbows
 + Level 7.5 Throwing
 + Level 8.0 Armour
 + Level 8.9 Dodging
 + Level 7.5 Stealth
 + Level 7.5 Shields
 + Level 7.5 Unarmed Combat
 + Level 9.1 Spellcasting
 + Level 6.2 Conjurations
 + Level 6.2 Hexes
 + Level 8.4 Charms
 + Level 6.2 Summonings
 + Level 6.2 Necromancy
 + Level 6.2 Translocations
 + Level 6.2 Transmutations
 + Level 6.2 Fire Magic
 + Level 6.2 Ice Magic
 + Level 6.2 Air Magic
 + Level 6.2 Earth Magic
 + Level 6.2 Poison Magic
 + Level 8.2 Invocations
 + Level 7.5 Evocations


You had 24 spell levels left.
You knew the following spells:

 Your Spells              Type           Power        Failure   Level  Hunger
a - Infusion              Chrm           ####         4%          1    None
b - Song of Slaying       Chrm           #####...     7%          2    None
c - Shroud of Golubria    Chrm/Tloc      #####.....   11%         2    None

Your spell library contained the following spells:

 Spells                   Type           Power        Failure   Level  Hunger
 Confusing Touch          Hex            #####.       11%         1    None
 Corona                   Hex            #####..      11%         1    None
 Flame Tongue             Conj/Fire      #####        11%         1    None
 Magic Dart               Conj           ####         11%         1    None
 Sting                    Conj/Pois      ####         11%         1    None
 Summon Small Mammal      Summ           ####         11%         1    None
 Blink                    Tloc           N/A          16%         2    None
 Call Imp                 Summ           #####...     16%         2    None
 Poisonous Vapours        Pois/Air       #####.       16%         2    None
 Slow                     Hex            #####...     16%         2    None
 Throw Flame              Conj/Fire      #####.       16%         2    None
 Regeneration             Chrm/Necr      #####.....   21%         3    None
 Spectral Weapon          Hex/Chrm       #####...     21%         3    None
 Call Canine Familiar     Summ           #####...     32%         3    None
 Confuse                  Hex            #####...     32%         3    None
 Conjure Flame            Conj/Fire      #####...     32%         3    None
 Gell's Gravitas          Tloc           #####.....   32%         3    None
 Inner Flame              Hex/Fire       #####...     32%         3    None
 Mephitic Cloud           Conj/Pois/Air  #####...     32%         3    None
 Portal Projectile        Hex/Tloc       #####.       32%         3    None
 Summon Guardian Golem    Hex/Summ       #####...     32%         3    None
 Cause Fear               Hex            #####.....   71%         4    ##.....
 Leda's Liquefaction      Hex/Erth       #####.....   71%         4    ##.....
 Olgreb's Toxic Radiance  Pois           #####...     71%         4    ##.....
 Petrify                  Tmut/Erth      #####...     71%         4    ##.....
 Sticky Flame             Conj/Fire      #####...     71%         4    ##.....
 Summon Ice Beast         Ice/Summ       #####...     71%         4    ##.....
 Summon Lightning Spire   Summ/Air       #####...     71%         4    ##.....
 Fireball                 Conj/Fire      #####.....   96%         5    #####..
 Metabolic Englaciation   Hex/Ice        #####.....   96%         5    #####..
 Venom Bolt               Conj/Pois      #####.....   96%         5    #####..
 Yara's Violent Unravell  Hex/Tmut       #####.....   96%         5    #####..


Dungeon Overview and Level Annotations

Branches:
Dungeon (12/15)            Temple (1/1) D:6            Lair (1/6) D:9
    Orc (0/2) D:10

Altars:
Ashenzari
Cheibriados
Elyvilon
Fedhas
Gozag
Kikubaaqudgha
Makhleb
Nemelex Xobeh
Okawaru
Qazlal
Ru
Uskayaw
Vehumet
Xom
Zin
The Shining One

Shops:
D:9 ?


Innate Abilities, Weirdness & Mutations

Your experience applies equally to all skills.
You have very sharp teeth.
Your uncanny sense of smell can sniff out nearby items.


Message History

The polar bear bites you!!
The polar bear claws you but does no damage. x2
You are feeling very hungry.
You slash the polar bear! You burn the polar bear.
The polar bear is almost dead.
The polar bear bites you!
The polar bear claws you but does no damage.
The polar bear closely misses you. The polar bear bites you!
* * * LOW HITPOINT WARNING * * *
You block the polar bear's attack. The polar bear barely misses you.
Evoke which item? (* to show all) (? for menu, Esc to quit)
Aiming: Paralyse
Press: ? - help, Shift-Dir - straight line, f - polar bear
Aim: a polar bear (almost dead, berserk, fast, unusually strong, chance to defeat MR: 67%)
The polar bear struggles to resist.
The polar bear bites you!
* * * LOW HITPOINT WARNING * * *
The polar bear claws you but does no damage. x2
The polar bear bites you!!
You die...
Your body crumbles into a pile of gold.

.....####.....###.....# ###
...#.#.##.......##...## ∆
.#####..#............# .#.#
#...............#
.#.###.##...........##
.#..##..#...........##
##..##...#...........## ..
.....#................##.##
.#...#....#.....@.....#...
..##.#....#....h......##.#
...#......##..........##.#
..####....#...........#..#
..#..#..##............#..#
..#..#.####...#..........#
### ###..#.##
#...........##.######.#
##...#..#
##.......#.######......
.....#..# #.#.....####
#......


You could see a polar bear (berserk).

Vanquished Creatures
  A hydra (Lair:1)
  5 two-headed ogres
  2 wizards (D:11)
  An unseen horror (D:12)
  A cyclops (D:12)
  An orc sorcerer (D:11)
  A gargoyle (D:10)
  2 spiny frogs (Lair:1)
  A centaur skeleton (D:12)
  A komodo dragon (Lair:1)
  A hornet (D:12)
  3 polar bears (Lair:1)
  4 hippogriffs
  Sigmund (D:4)
  A wyvern (D:12)
  A human (D:8)
  9 yaks
  4 hogs (D:8)
  5 hungry ghosts
  Duvessa (D:5)
  3 porcupines
  4 ice beasts
  6 orc warriors
  2 phantoms
  7 black bears
  3 sky beasts
  A necrophage (D:10)
  2 eyes of draining (D:12)
  7 ogres
  4 centaurs
  6 crocodiles
  Blork the orc (D:4)
  A big kobold (D:7)
  8 bullfrogs
  2 gnoll sergeants
  Dowan (D:5)
  4 scorpions
  A hornet simulacrum (D:12)
  9 killer bees
  3 howler monkeys
  7 wights
  5 crimson imps
  A quasit (D:7)
  3 centaur zombies
  3 bullfrog skeletons
  A bullfrog zombie (D:12)
  6 hounds
  7 jellies
  8 orc priests
  16 orc wizards
  A gnoll shaman (D:7)
  7 iguanas
  Ijyb (D:4)
  8 worker ants
  2 hound skeletons
  A worker ant zombie (D:7)
  A howler monkey zombie (D:5)
  10 gnolls
  10 adders
  4 shadow imps
  An ooze (D:1)
  2 adder skeletons
  An adder zombie (D:5)
  A worm (D:4)
  5 dart slugs
  3 leopard geckos
  48 orcs
  A ball python (D:7)
  7 giant cockroaches
  6 goblins
  7 hobgoblins
  11 jackals
  8 kobolds
  2 quokkas
  2 bats
  9 frilled lizards
  2 leopard gecko skeletons
  4 rats
  2 fungi (D:9)
345 creatures vanquished.

Vanquished Creatures (collateral kills)
  3 yaks (D:11)
3 creatures vanquished.

Vanquished Creatures (others)
  An orc (D:7)
  9 fungi (D:9)
  2 plants (D:9)
12 creatures vanquished.

Grand Total: 360 creatures vanquished

Notes
Turn   | Place    | Note
-------+----------+-------------------------------------------
     0 | D:1      | vishdafish the Gnoll Skald began the quest for the Orb.
     0 | D:1      | Reached XP level 1. HP: 20/20 MP: 6/6
    77 | D:1      | Reached XP level 2. HP: 20/26 MP: 7/7
   256 | D:1      | Reached XP level 3. HP: 31/31 MP: 9/9
   294 | D:1      | Reached skill level 5 in Spellcasting
   438 | D:1      | Reached skill level 1 in Invocations
   649 | D:2      | Reached skill level 1 in Short Blades
   649 | D:2      | Reached skill level 1 in Axes
   649 | D:2      | Reached skill level 1 in Maces & Flails
   649 | D:2      | Reached skill level 1 in Polearms
   649 | D:2      | Reached skill level 1 in Staves
   649 | D:2      | Reached skill level 1 in Slings
   649 | D:2      | Reached skill level 1 in Bows
   649 | D:2      | Reached skill level 1 in Crossbows
   649 | D:2      | Reached skill level 1 in Throwing
   649 | D:2      | Reached skill level 1 in Stealth
   649 | D:2      | Reached skill level 1 in Shields
   649 | D:2      | Reached skill level 1 in Unarmed Combat
   649 | D:2      | Reached skill level 1 in Evocations
   883 | D:2      | Reached XP level 4. HP: 38/38 MP: 11/11
  1089 | D:2      | Found a glowing golden altar of the Shining One.
  1372 | D:3      | Found an opulent altar of Gozag.
  1432 | D:3      | Became a worshipper of Gozag Ym Sagoz the Greedy
  1569 | D:3      | Found an ancient bone altar of Kikubaaqudgha.
  1577 | D:3      | Reached skill level 1 in Conjurations
  1577 | D:3      | Reached skill level 1 in Hexes
  1577 | D:3      | Reached skill level 1 in Summonings
  1577 | D:3      | Reached skill level 1 in Necromancy
  1577 | D:3      | Reached skill level 1 in Translocations
  1577 | D:3      | Reached skill level 1 in Transmutations
  1577 | D:3      | Reached skill level 1 in Fire Magic
  1577 | D:3      | Reached skill level 1 in Ice Magic
  1577 | D:3      | Reached skill level 1 in Air Magic
  1577 | D:3      | Reached skill level 1 in Earth Magic
  1577 | D:3      | Reached skill level 1 in Poison Magic
  1585 | D:3      | Found a blossoming altar of Fedhas.
  1935 | D:4      | Reached XP level 5. HP: 38/43 MP: 12/12
  1957 | D:4      | Learned a level 2 spell: Song of Slaying
  1960 | D:4      | Learned a level 2 spell: Shroud of Golubria
  1990 | D:4      | Reached XP level 6. HP: 9/50 MP: 7/13
  2269 | D:4      | Noticed Blork the orc
  2278 | D:4      | Killed Blork the orc
  2278 | D:4      | Reached skill level 5 in Fighting
  2278 | D:4      | Reached skill level 5 in Long Blades
  2278 | D:4      | Reached skill level 5 in Dodging
  2329 | D:4      | Noticed Sigmund
  2343 | D:4      | Killed Sigmund
  2343 | D:4      | Reached XP level 7. HP: 48/56 MP: 15/15
  2355 | D:4      | Noticed Ijyb
  2384 | D:4      | Killed Ijyb
  2586 | D:5      | Entered Level 5 of the Dungeon
  2745 | D:5      | Noticed Dowan
  2747 | D:5      | Noticed Duvessa
  2759 | D:5      | Reached XP level 8. HP: 60/63 MP: 16/16
  2763 | D:5      | Killed Duvessa
  2777 | D:5      | Reached skill level 6 in Spellcasting
  2787 | D:5      | Killed Dowan
  3496 | D:6      | Found a staircase to the Ecumenical Temple.
  3517 | Temple   | Entered the Ecumenical Temple
  3640 | D:6      | Found a radiant altar of Vehumet.
  4059 | D:6      | Reached XP level 9. HP: 61/69 MP: 18/18
  4797 | D:7      | Found an iron altar of Okawaru.
  4849 | D:7      | Got a pair of smoking gloves
  4888 | D:7      | Identified the +2 pair of gloves "Wicofum" {MP+9 Dex+3}
                  | (You found it on level 7 of the Dungeon)
  5186 | D:7      | Found a stormy altar of Qazlal.
  5274 | D:7      | Reached skill level 5 in Armour
  5457 | D:7      | Reached skill level 5 in Invocations
  6084 | D:8      | Noticed a two-headed ogre
  6423 | D:7      | Reached XP level 10. HP: 25/77 MP: 20/20
  6427 | D:7      | Killed a two-headed ogre
  6427 | D:7      | Reached skill level 5 in Short Blades
  6427 | D:7      | Reached skill level 5 in Axes
  6427 | D:7      | Reached skill level 5 in Maces & Flails
  6427 | D:7      | Reached skill level 5 in Polearms
  6427 | D:7      | Reached skill level 5 in Staves
  6427 | D:7      | Reached skill level 5 in Slings
  6427 | D:7      | Reached skill level 5 in Bows
  6427 | D:7      | Reached skill level 5 in Crossbows
  6427 | D:7      | Reached skill level 5 in Throwing
  6427 | D:7      | Reached skill level 5 in Stealth
  6427 | D:7      | Reached skill level 5 in Shields
  6427 | D:7      | Reached skill level 5 in Unarmed Combat
  6427 | D:7      | Reached skill level 7 in Spellcasting
  6427 | D:7      | Reached skill level 5 in Evocations
  7401 | D:8      | HP: 2/118 [killer bee (6)]
  7796 | D:8      | Found a sacrificial altar of Ru.
  8306 | D:8      | Found a shattered altar of Ashenzari.
  8731 | D:9      | Found a staircase to the Lair.
  8864 | D:9      | Reached XP level 11. HP: 40/84 MP: 22/22
  9114 | D:9      | Found an opulent altar of Gozag.
  9114 | D:9      | Found a glowing silver altar of Zin.
  9503 | D:9      | Found a sparkling altar of Nemelex Xobeh.
  9783 | D:9      | Found Rithowol's Magic Scroll Shop.
  9787 | D:9      | Bought a scroll of enchant weapon for 90 gold pieces
  9787 | D:9      | Bought a scroll of enchant weapon for 90 gold pieces
  9787 | D:9      | Bought a scroll of fog for 24 gold pieces
  9787 | D:9      | Bought a scroll of magic mapping for 42 gold pieces
  9787 | D:9      | Bought a scroll of teleportation for 36 gold pieces
  9787 | D:9      | Bought a scroll of amnesia for 42 gold pieces
  9915 | D:10     | Entered Level 10 of the Dungeon
 10388 | D:10     | Found a staircase to the Orcish Mines.
 10491 | D:10     | Reached skill level 5 in Conjurations
 10491 | D:10     | Reached skill level 5 in Hexes
 10491 | D:10     | Reached skill level 5 in Summonings
 10491 | D:10     | Reached skill level 5 in Necromancy
 10491 | D:10     | Reached skill level 5 in Translocations
 10491 | D:10     | Reached skill level 5 in Transmutations
 10491 | D:10     | Reached skill level 5 in Fire Magic
 10491 | D:10     | Reached skill level 5 in Ice Magic
 10491 | D:10     | Reached skill level 5 in Air Magic
 10491 | D:10     | Reached skill level 5 in Earth Magic
 10491 | D:10     | Reached skill level 5 in Poison Magic
 11169 | D:11     | Reached skill level 8 in Spellcasting
 11215 | D:11     | Noticed an orc sorcerer
 11216 | D:11     | Noticed a wizard
 11218 | D:11     | Killed an orc sorcerer
 11220 | D:11     | Noticed a wizard
 11223 | D:11     | Killed a wizard
 11251 | D:11     | Killed a wizard
 11546 | D:11     | Noticed a two-headed ogre
 11553 | D:11     | Killed a two-headed ogre
 12216 | D:12     | Noticed a two-headed ogre
 12226 | D:12     | Killed a two-headed ogre
 12296 | D:12     | Reached XP level 12. HP: 59/93 MP: 17/24
 12446 | D:12     | Paralysed by a hornet for 3 turns
 12450 | D:12     | Noticed a two-headed ogre
 12462 | D:12     | Killed a two-headed ogre
 13043 | D:12     | Noticed a two-headed ogre
 13055 | D:12     | Killed a two-headed ogre
 13305 | Lair:1   | Entered Level 1 of the Lair of Beasts
 14392 | Lair:1   | Reached skill level 9 in Spellcasting
 14831 | Lair:1   | Noticed a four-headed hydra
 14839 | Lair:1   | Killed a one-headed hydra
 15467 | Lair:1   | Mangled by a polar bear

Skill      XL: |  1  2  3  4  5  6  7  8  9 10 11 12 |
---------------+-------------------------------------+-----
Spellcasting   | 5 6 7 8 9 |  9.1
Invocations    | 1 2 3 4 5 6 7 8 |  8.2
Short Blades   | 1 2 3 4 5 6 7 |  7.5
Axes           | 1 2 3 4 5 6 7 |  7.5
Maces & Flails | 1 2 3 4 5 6 7 |  7.5
Polearms       | 1 2 3 4 5 6 7 |  7.5
Staves         | 1 2 3 4 5 6 7 |  7.5
Slings         | 1 2 3 4 5 6 7 |  7.5
Bows           | 1 2 3 4 5 6 7 |  7.5
Crossbows      | 1 2 3 4 5 6 7 |  7.5
Throwing       | 1 2 3 4 5 6 7 |  7.5
Stealth        | 1 2 3 4 5 6 7 |  7.5
Shields        | 1 2 3 4 5 6 7 |  7.5
Unarmed Combat | 1 2 3 4 5 6 7 |  7.5
Evocations     | 1 2 3 4 5 6 7 |  7.5
Conjurations   | 1 2 3 4 5 6 |  6.2
Hexes          | 1 2 3 4 5 6 |  6.2
Summonings     | 1 2 3 4 5 6 |  6.2
Necromancy     | 1 2 3 4 5 6 |  6.2
Translocations | 1 2 3 4 5 6 |  6.2
Transmutations | 1 2 3 4 5 6 |  6.2
Fire Magic     | 1 2 3 4 5 6 |  6.2
Ice Magic      | 1 2 3 4 5 6 |  6.2
Air Magic      | 1 2 3 4 5 6 |  6.2
Earth Magic    | 1 2 3 4 5 6 |  6.2
Poison Magic   | 1 2 3 4 5 6 |  6.2
Armour         | 3 4 5 6 7 8 |  8.0
Fighting       | 5 6 7 8 |  8.9
Long Blades    | 5 6 7 8 |  8.9
Dodging        | 5 6 7 8 |  8.9
Charms         | 6 7 8 |  8.4

Action                   |  1- 3 |  4- 6 |  7- 9 | 10-12 || total
-------------------------+-------+-------+-------+-------++-------
Melee: Falchion          |    55 |       |       |       ||    55
       Bite              |    11 |     9 |    54 |   105 ||   179
       Punch             |     1 |     2 |     5 |       ||     8
       Dagger            |    26 |    97 |    58 |       ||   181
       Flail             |       |       |   282 |       ||   282
       War axe           |       |       |    83 |   730 ||   813
       Whip              |       |       |     6 |       ||     6
 Fire: Shortbow          |       |       |     8 |       ||     8
 Cast: Infusion          |       |     1 |       |    12 ||    13
       Song of Slaying   |       |       |     2 |     8 ||    10
       Shroud of Golubri |       |       |     2 |     6 ||     8
Invok: Potion Petition   |       |       |       |     1 ||     1
Evoke: Wand              |       |     6 |    29 |    56 ||    91
       Phial of floods   |       |       |       |     1 ||     1
  Use: Potion            |       |     1 |       |     3 ||     4
       Scroll            |       |       |     4 |     8 ||    12
 Stab: Sleeping          |     1 |     2 |     3 |       ||     6
       Distracted        |       |       |     3 |     7 ||    10
       Paralysed         |       |       |       |    11 ||    11
       Confused          |       |       |       |     1 ||     1
  Eat: Ration            |       |     1 |     5 |    13 ||    19
       Chunk             |       |     1 |       |       ||     1
Armor: Leather armour    |    22 |    27 |   109 |       ||   158
       Chain mail        |       |       |   106 |   522 ||   628
       Skin              |       |       |       |    10 ||    10
Dodge: Dodged            |    55 |    49 |   296 |   346 ||   746
Block: Buckler           |       |       |       |   230 ||   230
       Rpst.: Falchion   |     5 |       |       |       ||     5
